Map: Triton LE

Players

Zen

  • Race: Terran Terran
  • Spawn Location: 5:00

ViBE - Winner!

  • Race: Terran Terran
  • League: Diamond
  • Spawn Location: 11:00

VOD

Have the link to the VOD?

Description

Time

  • Played on: Dec. 23, 2019, 6:12 a.m.
  • Length: 20:50
Show
View Real Time Build Order
Export as new Build Order

Zen Terran 

Build Orders: Gas First Reaper Expand 

Get SALT Encoding   

  12  0:00  SCV  
  13  0:13  SCV  
  14  0:17  Supply Depot  
  14  0:25  SCV  
  15  0:29  Refinery  
  15  0:39  SCV  
  16  0:44  Barracks  
  16  0:51  SCV  
  17  1:03  SCV  
  18  1:15  SCV  
  19  1:31  Orbital Command  
  19  1:32  Reaper  
  20  1:45  Command Center  
  20  1:59  SCV  
  21  2:02  Factory  
  21  2:08  Barracks Reactor  
  21  2:13  SCV  
  22  2:20  Supply Depot  
  22  2:22  Refinery  
  22  2:25  SCV  
  23  2:42  SCV  
  24  2:45  Marine x2  
  24  2:48  Factory Tech Lab  
  24  2:50  Starport  
  26  2:54  SCV  
  26  2:57  Orbital Command  
  27  3:03  Marine x2  
  29  3:07  SCV  
  29  3:10  Cyclone  
  33  3:20  SCV  
  33  3:21  Marine x2  
  33  3:25  SCV  
  37  3:28  Supply Depot  
  37  3:30  Starport Tech Lab  
  37  3:34  SCV  
  37  3:37  SCV  
  39  3:45  Marine x2  
  39  3:46  SCV  
  45  3:49  SCV  
  43  3:55  Supply Depot  
  43  3:58  SCV  
  43  4:01  SCV  
  45  4:04  Marine x2  
  45  4:09  Raven  
  49  4:10  Command Center  
  49  4:14  Siege Tank  
  49  4:15  SCV  
  53  4:20  SCV  
  53  4:23  Supply Depot  
  54  4:28  SCV  
  54  4:29  Marine x2  
  57  4:32  SCV  
  58  4:44  Barracks x2  
  58  4:47  Siege Tank  
  58  4:48  SCV  
  58  4:51  SCV  
  63  5:02  SCV  
  63  5:03  SCV, Refinery  
  63  5:04  Supply Depot  
  65  5:07  Refinery  
  65  5:09  Starport Reactor  
  65  5:10  Marine, Stimpack  
  66  5:16  SCV x2  
  68  5:26  Engineering Bay, Orbital Command  
  68  5:27  Engineering Bay  
  68  5:30  Supply Depot  
  68  5:31  SCV x2  
  70  5:37  Siege Tank  
  74  5:43  SCV x2  
  74  5:44  Marine  
  74  5:48  Orbital Command  
  76  5:52  Supply Depot  
  76  5:56  Marine x4  
  80  5:59  Starport Reactor  
  80  6:01  Marine, Terran Infantry Weapons Level 1  
  80  6:02  Terran Infantry Armor Level 1  
  81  6:12  SCV  
  81  6:13  SCV  
  81  6:14  SCV, Marine  
  81  6:15  Marine x3  
  87  6:18  Siege Tank  
  87  6:23  Supply Depot  
  87  6:25  SCV x2  
  92  6:27  Marine  
  92  6:29  SCV  
  94  6:34  Marine x3  
  94  6:35  Marine, Barracks  
  94  6:37  SCV  
  94  6:38  Medivac x2, Barracks  
  103  6:41  SCV x2  
  103  6:44  Marine  
  106  6:49  SCV  
  106  6:53  SCV x2  
  109  6:54  Armory  
  109  6:56  Combat Shield  
  109  6:57  Marine  
  109  6:58  Marine x3  
  109  6:59  Missile Turret  
  109  7:01  SCV  
  114  7:05  SCV x2, Supply Depot  
  116  7:16  Marine  
  117  7:25  Supply Depot x2  
  117  7:26  Marine x4, Medivac x2, Barracks Reactor x2  
  125  7:36  Supply Depot  
  125  7:37  Supply Depot  
  125  7:42  Refinery, Command Center  
  125  7:44  Refinery  
  125  7:46  SCV  
  125  7:47  SCV x2, Siege Tank  
  125  7:48  Marine  
  125  7:49  Marine x4  
  136  7:59  SCV x3, Missile Turret, Supply Depot  
  136  8:00  Supply Depot  
  136  8:04  Marine x4  
  143  8:08  Terran Infantry Weapons Level 2  
  143  8:09  Terran Infantry Armor Level 2  
  143  8:13  SCV  
  143  8:16  Supply Depot  
  143  8:17  Marine x5  
  149  8:21  Factory  
  149  8:22  Siege Tank  
  152  8:29  Marine x3  
  152  8:30  Marine, Medivac x2  
  160  8:35  Marine x2  
  160  8:39  Missile Turret  
  162  8:44  SCV x2  
  162  8:45  Marine  
  165  8:49  Marine x2  
  165  8:50  Marine x4  
  171  8:56  Marine  
  171  8:57  Marine  
  171  9:01  Missile Turret  
  171  9:02  Siege Tank  
  176  9:03  Marine, Terran Vehicle Weapons Level 1  
  176  9:06  Factory Tech Lab  
  176  9:08  Starport  
  176  9:09  Marine x6  
  181  9:15  Planetary Fortress  
  182  9:19  Marine x2  
  182  9:21  Marine, Viking x2  
  189  9:26  Marine  
  189  9:31  Marine x5  
  191  9:37  Marine  
  191  9:38  Marine  
  197  9:39  Siege Tank  
  197  9:43  Sensor Tower  
  200  9:49  Sensor Tower  
  200  9:52  Marine x4  
  197  9:54  Marine  
  200  10:10  Marine  
  200  10:12  Starport Reactor  
  200  10:15  Starport, Fusion Core  
  200  10:34  Marine  
  200  10:40  Terran Infantry Armor Level 3, Terran Infantry Weapons Level 3  
  200  10:42  Refinery  
  200  10:45  Refinery  
  199  11:03  Starport Reactor  
  199  11:06  Barracks  
  199  11:07  Terran Ship Weapons Level 1  
  199  11:08  Advanced Ballistics  
  199  11:11  Barracks  
  199  11:13  Barracks  
  184  11:19  Marine  
  184  11:20  Marine x3  
  184  11:21  Marine x3  
  184  11:22  Siege Tank x2  
  124  11:27  Marine x2  
  117  11:35  Viking x4  
  117  11:37  Marine  
  117  11:38  Marine x2  
  117  11:39  Marine  
  127  11:43  Marine x2  
  127  11:45  Marine  
  130  11:47  Viking x2  
  130  11:48  Command Center  
  130  11:54  Marine x2, Siege Tank  
  137  11:56  Marine  
  137  11:57  Marine x4  
  143  12:03  Marine x5  
  143  12:05  Siege Tank  
  143  12:06  Viking x4  
  159  12:12  Marine  
  159  12:17  Marine x2  
  159  12:22  Marine x7  
  166  12:26  Medivac x2  
  172  12:30  Liberator  
  172  12:31  Marine x2  
  172  12:34  Marine x2  
  172  12:36  Marine, Medivac, Siege Tank  
  182  12:38  Medivac x2  
  182  12:39  Liberator  
  183  12:58  Command Center  
  182  13:18  Marine x4  
  182  13:19  Marine x3, Siege Tank  
  184  13:20  Siege Tank  
  184  13:22  Marine  
  184  13:23  Marine x3  
  184  13:26  SCV, Liberator x2  
  192  13:32  Marine  
  182  13:35  Marine  
  182  13:36  Marine  
  171  13:42  Marine x6  
  171  13:47  Marine x2  
  160  13:48  Marine  
  160  13:50  Marine  
  160  13:53  Marine x2  
  160  13:54  Viking  
  154  13:59  Marine  
  154  14:00  Marine  
  154  14:01  SCV  
  155  14:09  Marine x2  
  156  14:10  Marine x2  
  156  14:11  Marine  
  156  14:13  Marine x2  
  156  14:14  Siege Tank  
  165  14:17  Marine  
  166  14:24  Marine  
  166  14:25  Marine x3  
  166  14:29  Marine  
  171  14:32  Marine x4  
  171  14:37  Marine x3  
  178  14:42  Marine x2  
  178  14:45  Marine x2  
  182  14:52  Marine x2  
  181  14:53  Marine x2  
  185  15:09  Marine x8  
  185  15:10  Marine  
  149  15:15  SCV  
  149  15:18  Marine  
  149  15:20  Marine x2  
  145  15:27  Marine x4, Planetary Fortress  
  147  15:36  Marine x2  
  147  15:37  SCV  
  147  15:38  Marine  
  147  15:39  Marine  
  147  15:40  Barracks Reactor  
  152  15:43  Orbital Command  
  152  15:47  Marine  
  152  15:48  Marine x3  
  156  15:52  Marine  
  156  15:53  Marine  
  155  16:02  Marine x2  
  155  16:03  Marine  
  158  16:06  Refinery  
  158  16:10  Marine x3  
  158  16:11  Marine  
  162  16:12  Marine  
  162  16:13  Marine  
  162  16:18  Marine x2  
  164  16:20  Marine x3  
  169  16:29  Marine  
  169  16:30  Medivac x2  
  169  16:32  Marine x2  
  162  16:35  Refinery  
  162  16:37  Medivac  
  164  16:46  Marine  
  164  16:47  Marine x3  
  165  16:48  Siege Tank  
  165  16:51  Medivac  
  172  16:55  Marine  
  172  16:56  Marine x2  
  172  16:59  SCV  
  176  17:03  Marine x2  
  176  17:04  Siege Tank  
  179  17:08  Medivac x2  
  179  17:12  Medivac  
  184  17:20  Marine x2  
  184  17:22  Marine  
  179  17:23  Marine x2  
  179  17:24  Marine x2  
  179  17:27  SCV, Marine x2  
  185  17:31  Marine x2  
  187  17:37  Marine x2  
  174  17:51  Marine x6  
  176  17:52  Marine  
  176  17:55  Medivac  
  183  18:00  Marine  
  183  18:01  Medivac  
  186  18:07  Medivac  
  188  18:13  Medivac  
  190  18:28  Command Center  
  165  18:42  Marine  
  165  18:43  Marine x2  
  165  18:44  Marine x2  
  165  18:46  Marine x2  
  168  18:56  Marine x5  
  173  19:24  Marine  
  173  19:25  Marine x5  
  178  19:42  Planetary Fortress  
  178  19:51  Marine x4  
  174  20:00  Marine x2  
  174  20:02  Marine x2  
  174  20:05  Marine  
  163  20:07  Marine  
  163  20:11  Orbital Command  
  160  20:21  Marine x5  
  160  20:26  Marine  
  126  20:30  Marine x2  
Show
View Real Time Build Order
Export as new Build Order

ViBE Terran - Winner!

Build Orders: Reaper Expand 

Get SALT Encoding   

  12  0:00  SCV  
  13  0:13  SCV  
  14  0:17  Supply Depot  
  14  0:25  SCV  
  15  0:39  SCV  
  15  0:42  Barracks  
  16  0:46  Refinery  
  16  0:51  SCV  
  17  1:03  SCV  
  18  1:15  SCV  
  19  1:28  Orbital Command  
  19  1:39  Command Center  
  19  1:42  Reaper  
  20  1:54  Supply Depot  
  20  2:05  SCV  
  21  2:12  Factory  
  21  2:13  Refinery  
  21  2:17  SCV  
  22  2:26  Barracks Reactor  
  22  2:29  SCV  
  23  2:37  Supply Depot  
  23  2:41  SCV  
  24  2:54  SCV, Orbital Command  
  25  2:58  Factory Tech Lab  
  25  3:01  Starport  
  25  3:05  Marine  
  26  3:06  Marine, SCV  
  28  3:18  SCV  
  28  3:19  Cyclone  
  32  3:21  SCV  
  33  3:28  Marine  
  33  3:30  SCV  
  33  3:31  Marine  
  33  3:33  SCV  
  37  3:42  SCV  
  37  3:45  SCV  
  39  3:54  SCV  
  39  3:55  Marine x2  
  42  3:57  SCV  
  42  3:58  Raven  
  45  4:04  Command Center  
  45  4:06  SCV  
  45  4:09  SCV  
  47  4:11  Supply Depot  
  47  4:14  Supply Depot  
  47  4:18  Marine x2, SCV  
  47  4:21  Factory Tech Lab  
  47  4:22  SCV  
  51  4:29  Supply Depot  
  51  4:30  SCV  
  52  4:34  SCV  
  53  4:49  SCV x2  
  53  4:51  Siege Tank  
  53  4:52  Starport Tech Lab  
  58  4:53  Barracks  
  58  4:56  Refinery x2  
  58  4:57  Supply Depot, Barracks  
  58  5:01  SCV x2  
  58  5:05  Marine x2  
  62  5:11  Supply Depot x2  
  62  5:13  SCV x2  
  64  5:17  Orbital Command  
  64  5:22  Starport Reactor  
  64  5:26  Siege Tank  
  64  5:27  Marine x2  
  69  5:29  SCV x2  
  71  5:41  SCV  
  71  5:42  SCV  
  73  5:43  Engineering Bay x2  
  73  5:49  Orbital Command  
  73  5:50  Combat Shield, Marine, Stimpack  
  73  5:51  Marine x3  
  77  5:58  Siege Tank  
  80  6:10  Terran Infantry Weapons Level 1, Terran Infantry Armor Level 1  
  80  6:12  Medivac  
  80  6:17  SCV x2  
  80  6:18  SCV  
  85  6:23  Sensor Tower  
  85  6:29  Marine x2, SCV  
  85  6:30  SCV x2, Marine x2  
  85  6:32  Siege Tank  
  95  6:38  Supply Depot x2  
  95  6:41  SCV  
  95  6:42  SCV x2, Supply Depot  
  98  6:49  Marine, Refinery  
  98  6:50  Marine x3, Refinery  
  98  6:53  Viking x2  
  98  6:54  SCV x3  
  109  7:02  Armory  
  109  7:06  Command Center  
  109  7:07  SCV x3  
  112  7:13  Marine x2  
  112  7:14  Marine x2  
  116  7:17  Siege Tank  
  119  7:25  Viking x2  
  123  7:32  Marine, Barracks  
  123  7:33  Marine x2, Barracks x2  
  123  7:34  Marine  
  127  7:38  SCV x3  
  130  7:44  Supply Depot  
  130  7:50  Marine x2  
  132  7:52  Terran Vehicle Weapons Level 1  
  132  7:53  Siege Tank  
  135  8:03  Medivac x2  
  139  8:11  Terran Infantry Weapons Level 2, Terran Infantry Armor Level 2  
  139  8:13  SCV x2  
  139  8:14  SCV  
  139  8:15  Marine x4  
  146  8:22  Supply Depot  
  146  8:23  Supply Depot x2  
  146  8:24  Barracks Reactor x3  
  146  8:32  Factory  
  146  8:33  Marine x2  
  148  8:34  Barracks  
  148  8:36  Barracks  
  148  8:37  SCV x3  
  148  8:38  Medivac  
  148  8:39  Medivac  
  155  8:49  SCV x2, Planetary Fortress  
  157  9:00  Command Center  
  157  9:06  Marine x8  
  157  9:07  Marine x2  
  167  9:24  Siege Tank  
  170  9:25  Factory Tech Lab  
  170  9:26  Viking x2  
  170  9:30  Supply Depot  
  174  9:31  Supply Depot  
  174  9:32  SCV x4  
  174  9:35  Refinery  
  174  9:37  Refinery  
  177  9:43  Barracks Reactor x2  
  177  9:44  SCV x3  
  179  10:01  Marine x8  
  179  10:02  Viking x2, Siege Tank x2  
  179  10:05  Terran Ship Weapons Level 1  
  197  10:16  Command Center  
  197  10:18  Sensor Tower  
  196  10:32  Marine x4  
  196  10:33  Sensor Tower  
  200  10:44  Terran Infantry Armor Level 3, Terran Infantry Weapons Level 3  
  199  11:06  Planetary Fortress  
  199  11:10  Barracks  
  199  11:11  Barracks  
  199  11:13  Barracks  
  199  11:14  Barracks  
  183  11:20  Marine x11  
  183  11:21  Marine x3, Siege Tank x2  
  183  11:22  Viking x2  
  150  11:38  Marine x5  
  155  11:43  Marine x9  
  164  11:52  Viking x2  
  164  11:53  Siege Tank  
  164  11:54  Siege Tank  
  174  11:55  Marine  
  174  11:56  Marine x4  
  174  12:01  Marine x5  
  180  12:04  Barracks Reactor  
  180  12:05  Barracks Reactor x3  
  180  12:07  Command Center  
  183  12:12  Marine  
  183  12:13  Marine x4  
  183  12:14  Marine x3  
  183  12:15  Smart Servos  
  191  12:16  Marine  
  191  12:19  Marine x5  
  197  12:23  Viking  
  199  12:30  Marine  
  200  12:41  Barracks  
  200  12:42  Barracks  
  200  13:00  Starport, Terran Ship Weapons Level 2  
  200  13:03  Starport  
  183  13:21  Neosteel Armor, Hi-Sec Auto Tracking  
  183  13:23  Marine  
  183  13:24  Marine x14  
  186  13:44  Siege Tank  
  186  13:45  Viking x2, Siege Tank  
  165  13:50  Marine x5  
  165  13:51  Marine x17  
  165  13:55  Starport Reactor x2  
  168  14:08  Marine x6  
  172  14:13  Orbital Command  
  170  14:25  Barracks Reactor x2  
  170  14:26  Marine x15, Refinery  
  170  14:27  Refinery  
  170  14:28  Siege Tank x2  
  170  14:29  Viking x2  
  170  14:30  Marine x5  
  200  14:37  Planetary Fortress  
  198  15:11  Viking x6  
  172  15:29  Marine  
  172  15:30  Marine x25  
  198  15:41  Viking x2  
  200  15:52  Terran Ship Weapons Level 3  
  200  16:14  Command Center  
  185  16:27  Orbital Command  
  164  16:39  Fusion Core  
  164  16:41  Viking x6  
  164  16:44  Marine, Siege Tank x2  
  164  16:45  Marine x14  
  197  16:59  Refinery  
  197  17:00  Refinery  
  195  17:16  Siege Tank  
  181  17:33  Liberator x4  
  181  17:34  Liberator x2  
  196  17:52  Advanced Ballistics  
  196  17:56  SCV, Planetary Fortress  
  200  18:02  Command Center  
  200  18:06  Refinery  
  200  18:07  Refinery  
  200  18:29  Terran Vehicle And Ship Armor Level 1  
  187  18:47  Marine x7  
  187  18:48  Marine x12  
  197  19:19  Marine x3  
  180  20:01  Marine x4  
  180  20:02  Marine x16  
  179  20:31  Marine x4  
Tags
 
Add a new tag
Caveats
  • Supply blocks, unpowered buildings, or Contaminate may cause inaccurate times.
  • Supply counts are checked every 10 seconds.